 Dungeon Crawl Stone Soup version 0.23-a0-536-g5e0f5a2 (webtiles) character file.

210 MisterFreud the Conjurer (level 5, 0/42 HPs)
             Began as a Naga Fire Elementalist on Dec 6, 2018.
             Slain by Menkaure (22 damage)
             ... on level 4 of the Dungeon.
             The game lasted 00:06:55 (2776 turns).

MisterFreud the Conjurer (Naga Fire Elementalist)   Turns: 2776, Time: 00:06:57

Health: 0/42       AC:  3    Str: 10    XL:     5   Next: 87%
Magic:  8/8        EV: 10    Int: 19    God:
Gold:   205        SH:  0    Dex: 12    Spells: 0/8 levels left

rFire    + . .     SeeInvis +   i - +1 dagger (venom)
rCold    x . .     Gourm    .   (no shield)
rNeg     . . .     Faith    +   a - +0 robe
rPois    +         Spirit   .   (no helmet)
rElec    .         Reflect  .   f - +0 cloak
rCorr    .         Harm     .   (no gloves)
MR       .....                  (no barding)
Stlth    ++........             u - amulet of faith
HPRegen  0.14/turn              l - +3 ring of intelligence
MPRegen  0.11/turn              r - ring of fire

@: very slow
A: large, see invisible, deformed body, poison resistance, slowness 2, slow
metabolism 1, spit poison 1, AC +1
a: Spit Poison


You were on level 4 of the Dungeon.
You were not hungry.

You visited 1 branch of the dungeon, and saw 4 of its levels.

You collected 205 gold pieces.

Inventory:

Hand Weapons
 i - a +1 dagger of venom (weapon)
Armour
 a - a +0 robe (worn)
 f - a +0 cloak (worn)
Jewellery
 l - a +3 ring of intelligence (left hand)
 r - a ring of fire (right hand)
 u - an amulet of faith (around neck)
Wands
 s - a wand of iceblast (8)
Scrolls
 e - a scroll of blinking {unknown}
 h - a scroll of immolation {unknown}
 j - a scroll of random uselessness {unknown}
 m - a scroll of fear {unknown}
 o - a scroll of remove curse
 p - a scroll of magic mapping {unknown}
 q - a scroll of teleportation {unknown}
Potions
 b - 3 potions of curing
 d - a potion of might
 g - 7 potions of heal wounds
 k - a potion of haste
 n - a potion of mutation
 t - a potion of degeneration
Comestibles
 c - 10 rations


   Skills:
 - Level 1.5 Dodging
 - Level 3.0 Stealth
 - Level 2.0 Spellcasting
 + Level 4.5 Conjurations
 + Level 4.4 Fire Magic


You couldn't memorise any spells.
You knew the following spells:

 Your Spells              Type           Power        Failure   Level  Hunger
a - Flame Tongue          Conj/Fire      ####.        2%          1    #......
b - Conjure Flame         Conj/Fire      ####....     9%          3    ###....
c - Sticky Flame          Conj/Fire      ####....     26%         4    #####..

Your spell library contained the following spells:

 Spells                   Type           Power        Failure   Level  Hunger
 Magic Dart               Conj           ###.         2%          1    #......
 Throw Flame              Conj/Fire      ####..       4%          2    ###....
 Inner Flame              Hex/Fire       ###.....     21%         3    ###....
 Blink                    Tloc           N/A          26%         2    ###....
 Call Imp                 Summ           #.......     26%         2    ###....
 Slow                     Hex            #.......     26%         2    ###....
 Mephitic Cloud           Conj/Pois/Air  #.......     26%         3    ###....
 Fireball                 Conj/Fire      ####......   58%         5    ######.


Dungeon Overview and Level Annotations

Branches:
Dungeon (4/15)
 Temple: D:4-7

Altars:
Elyvilon
Gozag
Kikubaaqudgha
Ru
Sif Muna
Zin
The Shining One

Annotations:
D:4 Menkaure


Innate Abilities, Weirdness & Mutations

You cannot wear boots.
Your serpentine skin is tough. (AC +1)
You have supernaturally acute eyesight. (SInv)
Armour fits poorly on your strangely shaped body.
Your system is resistant to poisons. (rPois)
You cover ground very slowly.
You have a slow metabolism.
You can spit poison.


Message History

Press: ? - help, Shift-Dir - straight line, f - giant cockroach
Aim: a giant cockroach (clinging)
The splash of poison hits the giant cockroach.
The giant cockroach is poisoned.
You kill the giant cockroach!
You are feeling very hungry.
You see here a giant cockroach corpse.
You butcher the giant cockroach corpse.
v - a chunk of flesh You have got your breath back.
Eating a chunk of flesh.
You eat the chunk of flesh.
This raw flesh tastes terrible.
Menkaure, Prince of Dust comes into view.
Found 31 bolts.
Menkaure shouts!
Menkaure calls on the powers of darkness!
Your body is wracked with pain!
Menkaure hits you!!
Ouch! That really hurt!
You die...

###### ## ########.##.#########
######. .....................
....... ##..........@M......
..... #.####.........(...
.#####.. #.# #....###..###.
........ # #.# #....# ..# #####..
.###.####....# ... ........ #
............# .### ##..##.. ...
#..........###..# #.. #..##..
...##..####..........##..##..##..
#..##..........#.................


You could see Menkaure.

Vanquished Creatures
  A phantom (D:4)
  An orc priest (D:3)
  3 adders
  An ooze (D:1)
  4 worms
  5 orcs (D:3)
  9 giant cockroaches
  4 goblins
  4 hobgoblins
  4 jackals (D:3)
  4 kobolds (D:3)
  4 bats
  2 frilled lizards
  8 rats
54 creatures vanquished.

Notes
Turn   | Place    | Note
-------+----------+-------------------------------------------
     0 | D:1      | MisterFreud the Naga Fire Elementalist began the quest for
                  | the Orb.
     0 | D:1      | Reached XP level 1. HP: 15/15 MP: 3/3
    96 | D:1      | Reached XP level 2. HP: 22/22 MP: 5/5
   517 | D:2      | Reached XP level 3. HP: 24/28 MP: 2/6
   927 | D:2      | Learned a level 3 spell: Conjure Flame
  1284 | D:2      | Found a deep blue altar of Sif Muna.
  1284 | D:2      | Found a sacrificial altar of Ru.
  1489 | D:3      | Reached XP level 4. HP: 34/36 MP: 4/7
  1533 | D:3      | HP: 1/36 [orc priest/+0 dagger of venom (5)]
  1972 | D:3      | Reached XP level 5. HP: 42/42 MP: 6/8
  2011 | D:3      | Learned a level 4 spell: Sticky Flame
  2248 | D:3      | Found a white marble altar of Elyvilon.
  2248 | D:3      | Found a glowing silver altar of Zin.
  2250 | D:3      | Found a glowing golden altar of the Shining One.
  2520 | D:4      | Found an opulent altar of Gozag.
  2546 | D:4      | Found an ancient bone altar of Kikubaaqudgha.
  2595 | D:4      | Noticed a phantom
  2609 | D:4      | Killed a phantom
  2772 | D:4      | Noticed Menkaure
  2776 | D:4      | Slain by Menkaure

Vault maps used:
D:1:      eino_arrival_cavern_c
D:2:      gammafunk_temple_overflow_pools, minmay_worlds_worst_comb
D:3:      good_gods_temple_1, first_ration, chequers_mini_garden,
          minmay_misc_feat_tiny
D:4:      kiku_gazebo_garden_becter,
          nicolae_gozag_cash_rules_everything_around_me, uniq_menkaure

Skill      XL: |  1  2  3  4  5 |
---------------+----------------+-----
Conjurations   | 2 3 4 |  4.5
Fire Magic     | 4 |  4.4
Dodging        | |  1.5
Stealth        | |  3.0
Spellcasting   | |  2.0

Action                   |  1- 3 |  4- 6 || total
-------------------------+-------+-------++-------
Melee: Dagger            |    12 |    54 ||    66
 Cast: Flame Tongue      |    21 |    31 ||    52
 Abil: Spit Poison       |    20 |    14 ||    34
  Use: Potion            |       |     2 ||     2
       Scroll            |       |     6 ||     6
 Stab: Sleeping          |     5 |     2 ||     7
  Eat: Chunk             |     2 |     5 ||     7
Armor: Robe              |     5 |    21 ||    26
Dodge: Dodged            |    13 |    32 ||    45

Table legend:
 A = Non-vault XP
 B = Vault XP
 C = Vault XP percentage of total XP
 D = Non-vault monster count
 E = Vault monster count
 F = Vault count percentage of total count
                 A         B        C        D         E       F
            +---------+---------+-------+---------+---------+-------
      Total |     288 |      12 |   4.0 |      48 |       6 |  11.1
            +---------+---------+-------+---------+---------+-------
        D:1 |      22 |       0 |   0.0 |      11 |       0 |   0.0
        D:2 |      44 |      12 |  21.4 |       9 |       6 |  40.0
        D:3 |     108 |       0 |   0.0 |      26 |       0 |   0.0
        D:4 |     114 |       0 |   0.0 |       2 |       0 |   0.0
            +---------+---------+-------+---------+---------+-------
